 Dungeon Crawl Stone Soup version 0.32-a0-42-ga30500b4d3 (webtiles) character file.

Game seed: 14124005638785066696

2739 jlumianski the Grappler (level 9, -11/68 HPs)
             Began as a Gnoll Shapeshifter on Feb 2, 2024.
             Was an Initiate of Qazlal.
             Killed by divine providence
             ... invoked by an orc priest
              (13 damage)
             ... on level 7 of the Dungeon.
             The game lasted 00:33:17 (6853 turns).

jlumianski the Grappler (Gnoll Shapeshifter)        Turns: 6853, Time: 00:33:17

Health: -11/68     AC: 12    Str: 18    XL:     9   Next: 67%
Magic:  16/16      EV:  7    Int:  9    God:    Qazlal [......]
Gold:   329        SH:  0    Dex: 12    Spells: 17/17 levels left

rFire   . . .        L - +1 lajatang (vamp)
rCold   . . .        (shield currently unavailable)
rNeg    . . .        h - +0 plate armour
rPois   .            (helmet currently unavailable)
rElec   .            (cloak currently unavailable)
rCorr   .            (gloves currently unavailable)
SInv    .            (boots currently unavailable)
Will    .....        (no amulet) Stlth
                     e - ring of flight
HPRegen 0.31/turn    (no ring)
MPRegen 0.15/turn

%: no passive effects
@: confused, beast-form, flying
A: beast (slay +4), fangs 1, strong nose, distributed training
a: Begin Untransformation, Renounce Religion


You were on level 7 of the Dungeon.
You worshipped Qazlal.
Qazlal was noncommittal.
You were a hulking beast.
You visited 2 branches of the dungeon, and saw 8 of its levels.

You collected 329 gold pieces.

Inventory:

Hand Weapons
 g - a +0 short sword
 C - a +0 arbalest
 I - a +2 sling of freezing
 J - a +4 great sword of freezing
 L - a +1 vampiric lajatang (weapon)
Missiles
 q - 3 poisoned darts
 H - 4 boomerangs (quivered)
Armour
 a - a +0 animal skin
 h - a +0 plate armour (worn)
 n - the +1 leather armour of Amekhim {rPois rF+ Int-3}
   (You found it on level 6 of the Dungeon)

   Int-3:     It affects your intelligence (-3).
   rF+:       It protects you from fire.
   rPois:     It protects you from poison
 w - a +1 helmet
 A - the +0 scale mail "Pegeum" {Int+7}
   (You found it on level 4 of the Dungeon)

   Int+7:     It affects your intelligence (+7).
Magical Staves
 p - a staff of air
Jewellery
 e - a ring of flight (left hand)
 t - a ring of fire
 K - a ring of ice
Talismans
 c - a beast talisman
 d - a flux talisman
Wands
 j - a wand of polymorph (6)
 m - a wand of mindburst (16)
Scrolls
 f - a scroll of revelation
 i - 4 scrolls of teleportation
 k - a scroll of noise
 l - a scroll of fear {unknown}
 u - 3 scrolls of poison
 E - 2 scrolls of vulnerability
Potions
 b - 4 potions of lignification
 o - a potion of cancellation
 v - 3 potions of curing
 x - a potion of might
 z - 2 potions of enlightenment
 B - 3 potions of mutation
 D - a potion of berserk rage
 F - a potion of resistance {unknown}
 G - a potion of invisibility {unknown}


   Skills:
 + Level 5.4 Fighting
 + Level 4.6 Short Blades
 + Level 4.6 Long Blades
 + Level 4.6 Axes
 + Level 4.6 Maces & Flails
 + Level 4.6 Polearms
 + Level 4.6 Staves
 + Level 4.6 Ranged Weapons
 + Level 4.6 Throwing
 + Level 4.6 Armour
 + Level 6.6 Dodging
 + Level 4.6 Stealth
 + Level 4.6 Shields
 + Level 8.1 Unarmed Combat
 + Level 4.6 Spellcasting
 + Level 3.8 Conjurations
 + Level 3.8 Hexes
 + Level 3.8 Summonings
 + Level 3.8 Necromancy
 + Level 3.8 Translocations
 + Level 3.8 Fire Magic
 + Level 3.8 Ice Magic
 + Level 3.8 Air Magic
 + Level 3.8 Earth Magic
 + Level 3.8 Alchemy
 + Level 5.1 Invocations
 + Level 4.6 Evocations
 + Level 7.9 Shapeshifting


You had 17 spell levels left.
You didn't know any spells.
Your spell library contained the following spells:

 Spells                   Type           Power      Damage    Failure   Level
 Volatile Blastmotes      Fire/Tloc      18%        2d11      99%         3
 Animate Armour           Summ/Erth      18%        N/A       100%        4
 Fulminant Prism          Conj/Alch      4%         3d5       100%        4
 Iskenderun's Mystic Bla  Conj/Tloc      9%         2d4       100%        4
 Summon Lightning Spire   Summ/Air       9%         N/A       100%        4
 Lee's Rapid Deconstruct  Erth           4%         3d5*      100%        5


Dungeon Overview and Level Annotations

Branches:
Dungeon (7/15)             Temple (1/1) D:7

Altars:
Ashenzari
Cheibriados
Dithmenos
Elyvilon
Fedhas
Gozag
Hepliaklqana
Kikubaaqudgha
Makhleb
Nemelex Xobeh
Okawaru
Qazlal
Ru
Sif Muna
Trog
Uskayaw
Vehumet
Xom
Yredelemnul
Zin
The Shining One

Shops:
D:1 (

Annotations:
D:4 2 runed translucent doors, cforsyth's ghost, novice DjRe
D:5 1 runed translucent door, Crazy Yiuf


Innate Abilities, Weirdness & Mutations

You are a hulking beast.
Your limbs bulge with bestial killing power. (Slay +4)
You have very sharp teeth.
Your uncanny sense of smell can sniff out nearby items.
Your experience applies equally to all skills.


Message History

You easily resist.
The orc wizard hits you but does no damage.
The orc wizard points at you and mumbles some strange words.
The magic dart hits you.
You're too confused to move!
The orc priest hits you with a +0 flail.
The orc wizard hits you with a +0 dagger.
You bump into the rock wall.
The orc wizard hits you but does no damage.
You barely miss the orc wizard. Your bite misses the orc wizard.
The orc priest barely misses you.
You hit the orc wizard but do no damage.
You feel less confused. The orc wizard casts a spell at you.
You are confused.
The orc priest barely misses you.
You bump into the rock wall.
The orc priest closely misses you.
The orc warrior hits you with a +0 long sword of electrocution.
The orc wizard hits you but does no damage.
The orc priest attacks as it pursues you!
The orc priest hits you but does no damage.
The orc warrior hits you with a +0 long sword of electrocution.
The orc wizard attacks as it pursues you!
The orc wizard hits you but does no damage.
You closely miss the orc wizard.
The orc warrior hits you with a +0 long sword of electrocution!
You are electrocuted!
The orc wizard hits you but does no damage.
The orc priest hits you with a +0 flail.
You closely miss the orc priest.
The orc warrior hits you but does no damage.
The orc wizard hits you but does no damage.
The orc priest barely misses you.
The orc warrior hits you with a +0 long sword of electrocution!
You are electrocuted!!
* * * LOW HITPOINT WARNING * * *
The orc wizard barely misses you.
The orc priest calls down the wrath of Beogh upon you.
Beogh smites you!
You die...

#.......### ####.. +........#
#....# #.....##.######### #....#
#.....##.##......# #)...#
###...[.##..#......# #<....
....[...###.#......# #.....
........# #.##...# #...#.
....##### #......## #####.
....##########..ho##############.
......).........ooo..............
....#############o######.†.....##
....# #..# #......... ....# ##.#
#....#.##. ##### .# #....#.... ..
#.......## ... #....##... .##
#.......##


You could see an orc warrior, an orc priest, an orc wizard and 2 orcs.

Vanquished Creatures
  Pikel (D:4)
  2 water moccasins (D:5)
  An ice beast (D:6)
  A black bear (D:6)
  3 ogres
  A phantom (D:5)
  4 lemures
  2 bullfrogs
  4 scorpions
  5 wights
  A howler monkey (D:6)
  2 bombardier beetles
  3 jellies
  2 hounds
  2 orc priests (D:5)
  4 sleepcaps
  2 orc wizards
  5 iguanas
  Ijyb (D:3)
  Robin (D:2)
  4 gnolls (D:3)
  10 adders
  A white imp (D:6)
  2 ufetubi (D:5)
  3 dart slugs
  A ribbon worm (D:3)
  13 orcs
  6 ball pythons
  5 endoplasms
  2 giant cockroaches
  23 goblins
  12 hobgoblins
  13 jackals
  12 kobolds
  8 quokkas
  8 bats
  5 frilled lizards
  4 rats
179 creatures vanquished.

Notes
Turn   | Place    | Note
-------+----------+-------------------------------------------
     0 | D:1      | jlumianski the Gnoll Shapeshifter began the quest for the
                  | Orb.
     0 | D:1      | Reached XP level 1. HP: 17/17 MP: 1/1
    42 | D:1      | Reached XP level 2. HP: 18/23 MP: 2/2
   212 | D:2      | Reached XP level 3. HP: 27/28 MP: 3/3
   364 | D:1      | Reached skill level 1 in Invocations
   434 | D:2      | Reached skill level 1 in Short Blades
   434 | D:2      | Reached skill level 1 in Long Blades
   434 | D:2      | Reached skill level 1 in Axes
   434 | D:2      | Reached skill level 1 in Maces & Flails
   434 | D:2      | Reached skill level 1 in Polearms
   434 | D:2      | Reached skill level 1 in Staves
   434 | D:2      | Reached skill level 1 in Ranged Weapons
   434 | D:2      | Reached skill level 1 in Throwing
   434 | D:2      | Reached skill level 1 in Armour
   434 | D:2      | Reached skill level 1 in Stealth
   434 | D:2      | Reached skill level 1 in Shields
   434 | D:2      | Reached skill level 1 in Spellcasting
   434 | D:2      | Reached skill level 1 in Evocations
   660 | D:1      | Found Qommox's Antique Weapon Shoppe.
   894 | D:1      | Reached XP level 4. HP: 34/34 MP: 5/5
  1040 | D:2      | Noticed Robin
  1054 | D:2      | Killed Robin
  1055 | D:2      | Reached skill level 1 in Conjurations
  1055 | D:2      | Reached skill level 1 in Hexes
  1055 | D:2      | Reached skill level 1 in Summonings
  1055 | D:2      | Reached skill level 1 in Necromancy
  1055 | D:2      | Reached skill level 1 in Translocations
  1055 | D:2      | Reached skill level 1 in Fire Magic
  1055 | D:2      | Reached skill level 1 in Ice Magic
  1055 | D:2      | Reached skill level 1 in Air Magic
  1055 | D:2      | Reached skill level 1 in Earth Magic
  1055 | D:2      | Reached skill level 1 in Alchemy
  1605 | D:4      | Noticed Ijyb
  1649 | D:3      | Reached XP level 5. HP: 36/40 MP: 7/7
  1684 | D:3      | Killed Ijyb
  1729 | D:4      | Identified the +0 scale mail "Pegeum" {Int+7}
  1854 | D:4      | Reached XP level 6. HP: 39/47 MP: 8/8
  1897 | D:4      | Noticed Pikel
  1995 | D:3      | Reached skill level 5 in Dodging
  3066 | D:5      | Entered Level 5 of the Dungeon
  3267 | D:4      | Found an ancient bone altar of Kikubaaqudgha.
  3412 | D:4      | Killed Pikel
  3413 | D:4      | Reached skill level 7 in Unarmed Combat
  3413 | D:4      | Reached XP level 7. HP: 28/54 MP: 9/11
  3413 | D:4      | Reached XP level 8. HP: 32/60 MP: 9/12
  3579 | D:4      | Found a large runed translucent door.
  3579 | D:4      | Found a large runed translucent door.
  3581 | D:4      | Noticed cforsyth's ghost (novice DjRe)
  4204 | D:5      | Found a radiant altar of Vehumet.
  4204 | D:5      | Found a sacrificial altar of Ru.
  4205 | D:5      | Found a white marble altar of Elyvilon.
  4657 | D:5      | Found a runed translucent door.
  4658 | D:5      | Noticed Crazy Yiuf
  4856 | D:4      | Reached XP level 9. HP: 9/67 MP: 14/14
  5521 | D:5      | Reached skill level 5 in Fighting
  5901 | D:6      | Reached skill level 8 in Unarmed Combat
  6092 | D:7      | Found a staircase to the Ecumenical Temple.
  6123 | D:7      | Reached skill level 5 in Invocations
  6310 | Temple   | Entered the Ecumenical Temple
  6383 | Temple   | Became a worshipper of Qazlal Stormbringer
  6553 | D:6      | Identified the +1 leather armour of Amekhim {rPois rF+
                  | Int-3}
  6853 | D:7      | HP: 2/68 [orc warrior/+0 long sword of electrocution (19)]
  6853 | D:7      | Killed from afar by an orc priest

Illustrated notes

Levels and vault maps discovered:
D:1:      kennysheep_arrival_forest, layout_rooms, serial_shops, shop,
          minmay_cupped
D:2:      layout_loops_ring, uniq_robin
D:3:      minmay_razor_zed, layout_loops_ring
D:4:      kennysheep_the_goblin_king, layout_basic,
          mainiacjoe_overflow_tiny_flanked, ebering_ghost_disaster_area,
          lightli_corner_chamber, uniq_pikel
D:5:      layout_rooms, chequers_temple_overflow_statue_of_worship,
          grunt_ministairs_15, st_stairs_5, kennysheep_nondescript,
          uniq_crazy_yiuf_cottage
D:6:      layout_rooms, lemuel_flamethrower_1
D:7:      kennysheep_steamy, layout_basic, minmay_temple_entry_ruins
Temple:   nicolae_temple_bog_church

Skill      XL: |  1  2  3  4  5  6  7  8  9 |
---------------+----------------------------+-----
Invocations    | 1 2 3 4 5 |  5.1
Short Blades   | 1 3 4 |  4.6
Long Blades    | 1 3 4 |  4.6
Axes           | 1 3 4 |  4.6
Maces & Flails | 1 3 4 |  4.6
Polearms       | 1 3 4 |  4.6
Staves         | 1 3 4 |  4.6
Ranged Weapons | 1 3 4 |  4.6
Throwing       | 1 3 4 |  4.6
Armour         | 1 3 4 |  4.6
Stealth        | 1 3 4 |  4.6
Shields        | 1 3 4 |  4.6
Spellcasting   | 1 3 4 |  4.6
Evocations     | 1 3 4 |  4.6
Conjurations   | 1 2 3 |  3.8
Hexes          | 1 2 3 |  3.8
Summonings     | 1 2 3 |  3.8
Necromancy     | 1 2 3 |  3.8
Translocations | 1 2 3 |  3.8
Fire Magic     | 1 2 3 |  3.8
Ice Magic      | 1 2 3 |  3.8
Air Magic      | 1 2 3 |  3.8
Earth Magic    | 1 2 3 |  3.8
Alchemy        | 1 2 3 |  3.8
Fighting       | 3 4 5 |  5.4
Dodging        | 5 6 |  6.6
Unarmed Combat | 7 8 |  8.1
Shapeshifting  | 7 |  7.9

Action                     |  1- 3 |  4- 6 |  7- 9 || total
---------------------------+-------+-------+-------++-------
  Melee: Unarmed           |    61 |   208 |   152 ||   421
         Bite              |     2 |    14 |    25 ||    41
         Punch             |     2 |     5 |     8 ||    15
         Lajatang          |       |       |    45 ||    45
  Throw: Dart              |       |       |     3 ||     3
         Boomerang         |       |       |     4 ||     4
  Evoke: Wand              |       |     7 |     1 ||     8
    Use: Scroll            |       |     9 |     8 ||    17
         Potion            |       |     1 |       ||     1
 Armour: Animal skin       |    10 |       |       ||    10
         Plate armour      |    35 |   171 |   242 ||   448
         Skin              |       |     2 |       ||     2
  Dodge: Dodged            |    15 |    57 |    82 ||   154

Table legend: (Time is in decaauts)
 A = Elapsed time spent in this place.
 B = Non-inter-level travel time spent in this place.
 C = Inter-level travel time spent in this place.
 D = Time resting spent in this place.
 E = Time spent auto-exploring this place.
 F = Levels seen in this place.
 G = Mean time per level.
                   A        B        C        D        E       F      G
               +--------+--------+--------+--------+--------+-----+--------+
         Total |   6829 |   6683 |    146 |   1527 |   2348 |   8 |  853.6 |
       Dungeon |   6741 |   6603 |    138 |   1527 |   2348 |   7 |  963.0 |
        Temple |     88 |     80 |      8 |      0 |      0 |   1 |   88.0 |
               +--------+--------+--------+--------+--------+-----+--------+

Top non-repeatable levels by time:
     D:4: 1748 daAuts
     D:3: 1353 daAuts
     D:5: 1099 daAuts
     D:2: 866 daAuts
     D:6: 724 daAuts
     D:1: 599 daAuts
     D:7: 349 daAuts
  Temple: 88 daAuts
